 Dungeon Crawl Stone Soup version 0.26-a0-438-g4b1dca4f87 (webtiles) character file.

Game seed: 7423621322007195842

103688 KristoblXynda the Warrior (level 15, 0/144 HPs)
             Began as a Black Draconian Monk on July 26, 2020.
             Was the Champion of Ashenzari.
             Slain by a spark wasp (8 damage)
             ... on level 2 of the Spider Nest.
             The game lasted 01:20:53 (42010 turns).

KristoblXynda the Warrior (Black Draconian Monk)   Turns: 42010, Time: 01:20:54

Health: 0/144      AC: 14    Str: 15    XL:     15   Next: 89%
Magic:  15/25      EV: 24    Int: 15    God:    Ashenzari [******]
Gold:   1246       SH:  8    Dex: 14    Spells: 18/28 levels left

rFire    + . .     SeeInvis +   G - +4 long sword (curse)
rCold    . . .     Faith    .   S - +2 buckler {rF+} (curse)
rNeg     . . .     Spirit   .   (armour unavailable)
rPois    +         Reflect  .   q - +1 hat
rElec    +         Harm     .   (no cloak)
rCorr    .         Clarity  +   L - +1 pair of gloves
MR       +....                  h - +1 pair of boots (curse)
Stlth    ++........             E - amulet of the acrobat (curse)
HPRegen  0.34/turn              a - +4 ring of evasion (curse)
MPRegen  0.19/turn              H - ring of poison resistance

@: slowed, studying Translocations, very slow
A: breathe lightning, unfitting armour, big wings, electricity resistance,
cold-blooded, AC +9
a: Breathe Lightning, Fly, Curse Item, Scrying, Transfer Knowledge, Renounce
Religion


You were on level 2 of the Spider Nest.
You worshipped Ashenzari.
Ashenzari was exalted by your worship.
You visited 6 branches of the dungeon, and saw 28 of its levels.
You also visited: Ice Cave and Volcano.

You collected 2234 gold pieces.
You spent 988 gold pieces at shops.

Inventory:

Hand Weapons
 b - a +2 scimitar of holy wrath
 G - a cursed +4 long sword (weapon)
Armour
 h - a cursed +1 pair of boots (worn)
 q - a +1 hat (worn)
 L - a +1 pair of gloves (worn)
 S - a cursed +2 buckler of fire resistance (worn)
Jewellery
 a - a cursed +4 ring of evasion (left hand)
 y - an uncursed amulet of magic regeneration
 E - a cursed amulet of the acrobat (around neck)
 H - a ring of poison resistance (right hand)
Wands
 e - a wand of clouds (12)
 o - a wand of iceblast (21)
 r - a wand of acid (5)
Scrolls
 c - 4 scrolls of magic mapping
 d - 11 scrolls of teleportation
 i - 2 scrolls of fear
 j - 2 scrolls of fog
 k - 7 scrolls of amnesia
 s - 7 scrolls of remove curse
 u - a scroll of immolation
 v - 2 scrolls of enchant weapon
 D - a scroll of enchant armour
 J - 7 scrolls of identify
 K - a scroll of summoning
Potions
 f - 2 potions of resistance
 l - 4 potions of might
 m - 5 potions of magic
 n - 3 potions of haste
 t - 7 potions of curing
 x - 3 potions of stabbing
 z - 3 potions of brilliance
 B - 5 potions of heal wounds
 I - 2 potions of mutation
 Q - 3 potions of ambrosia
 R - 2 potions of flight
Books
 p - a manual of Translocations
Miscellaneous
 A - a box of beasts
 O - a phial of floods


   Skills:
 - Level 16.0 Fighting
 - Level 11.6(15.8) Long Blades
 + Level 12.2 Dodging
 - Level 3.0 Stealth
 - Level 4.1(7.0) Shields
 + Level 7.1 Spellcasting
 + Level 8.2(11.2) Conjurations
 + Level 10.3(13.1) Translocations
 - Level 13.0(15.6) Air Magic
 - Level 10.0(12.8) Evocations


You had 18 spell levels left.
You knew the following spells:

 Your Spells              Type           Power        Failure   Level
a - Mephitic Cloud        Conj/Pois/Air  ####....     1%          3
c - Blink                 Tloc           N/A          1%          2
d - Summon Forest         Summ/Tloc      ####......   22%         5

Your spell library contained the following spells:

 Spells                   Type           Power        Failure   Level
 Magic Dart               Conj           ####         1%          1
 Poisonous Vapours        Pois/Air       ####..       1%          2
 Lesser Beckoning         Tloc           #####.....   1%          3
 Teleport Other           Tloc           #####...     1%          3
 Conjure Flame            Conj/Fire      ###.....     3%          3
 Animate Skeleton         Necr           #.....       11%         1
 Beastly Appendage        Tmut           #.....       11%         1
 Pain                     Necr           #...         11%         1
 Sting                    Tmut/Pois      #...         11%         1
 Sticky Flame             Conj/Fire      ###.....     12%         4
 Call Imp                 Summ           #.......     17%         2
 Slow                     Hex            #.......     17%         2
 Wereblood                Tmut           #.......     17%         2
 Ignite Poison            Fire/Tmut/Pois #.......     32%         3
 Spider Form              Tmut/Pois      #.........   32%         3
 Vampiric Draining        Necr           #.........   32%         3
 Irradiate                Conj/Tmut      ###.......   32%         5
 Animate Dead             Necr           #.........   73%         4
 Ice Form                 Ice/Tmut       #.......     73%         4
 Olgreb's Toxic Radiance  Pois           #.......     73%         4
 Orb of Destruction       Conj           #####.....   73%         7
 Agony                    Necr           #.......     97%         5
 Blade Hands              Tmut           #.........   97%         5
 Summon Demon             Summ           #.........   97%         5
 Summon Mana Viper        Hex/Summ       #.......     97%         5
 Eringya's Noxious Bog    Tmut/Pois      #.........   100%        6
 Shadow Creatures         Summ           N/A          100%        6
 Spellforged Servitor     Conj/Summ      ###.......   100%        7
 Summon Hydra             Summ           #.........   100%        7


Dungeon Overview and Level Annotations

Branches:
Dungeon (15/15)            Temple (1/1) D:4            Lair (6/6) D:10
  Swamp (0/4) Lair:2       Spider (3/4) Lair:4        Slime (0/5) Lair:5
    Orc (2/2) D:9             Elf (1/3) Orc:2        Vaults (0/5) D:13
 Depths (0/5) D:15          IceCv (visited)         Volcano (visited)

Altars:
Ashenzari
Cheibriados
Dithmenos
Elyvilon
Fedhas
Gozag
Hepliaklqana
Kikubaaqudgha
Makhleb
Nemelex Xobeh
Okawaru
Qazlal
Ru
Sif Muna
Trog
Uskayaw
Vehumet
Wu Jian
Xom
Yredelemnul
Zin
The Shining One
Beogh
Jiyva

Shops:
D:7 *   Orc:1 }   Orc:2 [=[}

Annotations:
Lair:3 exclusion: 2 oklob plants


Innate Abilities, Weirdness & Mutations

You can breathe wild blasts of lightning.
Your glossy black scales are hard. (AC +9)
You cannot fit into any form of body armour.
Your large and strong wings let you fly indefinitely.
You are resistant to electric shocks. (rElec)
You are cold-blooded and may be slowed by cold attacks.


Message History

* * * LOW HITPOINT WARNING * * *
Unknown command.
You barely miss the spark wasp.
Your tail-slap misses the spark wasp.
The spark wasp is severely wounded.
The spark wasp is engulfed in noxious fumes.
The spark wasp closely misses you.
You closely miss the spark wasp.
The spark wasp is severely wounded.
The spark wasp is engulfed in noxious fumes.
The spark wasp appears confused.
The spark wasp barely misses you.
The spark wasp is engulfed in noxious fumes.
The spark wasp appears confused.
The spark wasp misses you.
You riposte.
You catch the helpless spark wasp completely off-guard!
You slice the spark wasp!!
The spark wasp is almost dead.
You hit the spark wasp.
The spark wasp is almost dead.
The spark wasp is engulfed in noxious fumes.
The spark wasp appears confused.
The spark wasp stings you!
You die...

....## ####.............###..^#.#
...## #.####............###>####
##.# ##..###....>.......#####...
##.# ##....##^.........##.###.#..
#.####.....###.......#####...#...
^.###.....(##..†....## ##...###..
#.##......##...>.°######.....###.
#.##.....##....w.y####......####.
##......##......@............^..#
#####..#.####......##....#..####
###### #####^#########.# ### ###


You could see a spark wasp (confused) and a torpor snail (confused).

Vanquished Creatures
  Arachne (Spider:2)
  Gastronok (Lair:2)
  Aizul (Lair:4)
  An orc warlord (Orc:2)
  6 hydras
  A fire dragon (Lair:6)
  8 vault guards (D:13)
  3 centaur warriors
  A catoblepas (D:15)
  3 two-headed ogres
  2 tengu warriors (D:13)
  4 orc high priests (Orc:2)
  A sun demon (Volcano)
  3 slime creatures (D:15)
  2 unseen horrors
  A swamp dragon (Lair:6)
  8 orc knights
  8 orb spiders
  Pikel (D:4)
  10 ugly things
  A cyclops (D:14)
  7 orc sorcerers
  10 wolf spiders
  A manticore (D:13)
  2 salamanders (shapeshifter) (D:15)
  5 black mambas
  Psyche (D:10)
  10 cane toads
  3 torpor snails
  5 rime drakes
  3 gargoyles
  3 ice statues (IceCv)
  Maggie (D:7)
  A yaktaur (D:15)
  3 red devils (Volcano)
  7 komodo dragons
  7 demonic crawlers
  3 hornets
  3 meliai (D:14)
  5 trolls
  17 jumping spiders
  2 polar bears (Lair:6)
  A harpy skeleton (D:14)
  5 hippogriffs
  A dream sheep (Lair:6)
  5 blink frogs (Lair:5)
  A raiju (shapeshifter) (D:15)
  A meliai zombie (D:12)
  36 redbacks
  10 tarantellas
  2 vampires
  5 wyverns
  A centaur simulacrum (D:13)
  3 wraiths
  A tarantella (shapeshifter) (D:15)
  Eustachio (D:5)
  A hog (shapeshifter) (D:15)
  55 yaks
  Grum (D:10)
  6 vampire mosquitoes (Lair:2)
  9 basilisks
  Menkaure (D:5)
  2 wargs
  2 acid dragons
  2 soldier ants
  5 water moccasins
  6 porcupines
  2 hell hounds (Volcano)
  33 orc warriors
  A swamp drake (Lair:6)
  3 phantoms
  7 ice beasts
  2 sky beasts
  19 ogres
  3 boggarts (D:15)
  A black bear (D:13)
  6 centaurs
  10 necrophages
  9 wolves
  10 crocodiles
  4 big kobolds
  16 bullfrogs
  Blork the orc (D:5)
  A scorpion (D:7)
  27 wights
  3 bullfrog zombies
  A howler monkey (D:4)
  6 centaur zombies
  6 hounds
  A quasit (D:5)
  16 orc priests
  A gnoll shaman (D:4)
  5 jellies
  23 orc wizards
  A bullfrog skeleton (D:12)
  6 centaur skeletons
  3 hell rats (Lair:6)
  7 iguanas
  11 worker ants
  2 hound skeletons
  2 mummies (D:12)
  A howler monkey zombie (D:11)
  A worker ant zombie (D:11)
  4 gnolls (D:4)
  17 adders
  9 river rats (Lair:6)
  An ufetubus (D:5)
  4 adder zombies
  An adder skeleton (D:3)
  3 worms
  4 dart slugs
  3 leopard geckos
  79 orcs
  2 ball pythons
  6 bats
  4 giant cockroaches
  4 goblins
  8 hobgoblins
  7 jackals
  22 kobolds
  A quokka (D:4)
  A ball python skeleton (D:4)
  13 frilled lizards
  A leopard gecko skeleton (D:3)
  A quokka skeleton (D:4)
  11 rats
  A spectral orc (D:2)
787 creatures vanquished.

Vanquished Creatures (collateral kills)
  A redback (Spider:2)
  A tarantella (Spider:2)
2 creatures vanquished.

Vanquished Creatures (others)
  A spark wasp (Spider:2)
  An orc wizard (D:14)
  10 fungi
  4 plants (Lair:6)
16 creatures vanquished.

Grand Total: 805 creatures vanquished

Notes
Turn   | Place    | Note
-------+----------+-------------------------------------------
     0 | D:1      | KristoblXynda the Draconian Monk began the quest for the
                  | Orb.
     0 | D:1      | Reached XP level 1. HP: 19/19 MP: 1/1
   365 | D:1      | Reached XP level 2. HP: 26/26 MP: 2/2
  1104 | D:2      | You fall into a shaft and drop 2 floors!
  1105 | D:4      | Noticed a howler monkey
  1113 | D:4      | Killed a howler monkey
  1113 | D:4      | Reached XP level 3. HP: 33/33 MP: 3/3
  1153 | D:4      | Found a staircase to the Ecumenical Temple.
  1167 | D:4      | Reached XP level 4. HP: 35/40 MP: 4/4
  1185 | Temple   | Entered the Ecumenical Temple
  1230 | Temple   | Became a worshipper of Ashenzari the Shackled
  1230 | Temple   | Reached * piety under Ashenzari
  1230 | Temple   | Reached ** piety under Ashenzari
  1374 | D:4      | Noticed a yak
  1380 | D:4      | Noticed a yak
  1380 | D:4      | Noticed a yak
  1417 | D:4      | Reached skill level 4 in Fighting
  2075 | D:3      | Reached XP level 5. HP: 42/46 MP: 5/5
  2931 | D:2      | Found a basalt altar of Yredelemnul.
  3524 | D:3      | Reached XP level 6. HP: 48/55 MP: 6/6
  3968 | D:4      | Reached *** piety under Ashenzari
  4122 | D:4      | Reached skill level 5 in Fighting
  4343 | D:4      | Noticed Pikel
  4362 | D:4      | Killed Pikel
  4362 | D:4      | Reached skill level 6 in Fighting
  4362 | D:4      | Reached skill level 5 in Long Blades
  4362 | D:4      | Reached skill level 5 in Dodging
  4362 | D:4      | Your scales start taking on a glossy black colour.
  4362 | D:4      | Reached XP level 7. HP: 54/63 MP: 7/7
  4362 | D:4      | Gained mutation: You are resistant to electric shocks.
                  | (rElec) [Black Draconian growth]
  4577 | D:4      | Noticed a yak
  4829 | D:4      | Noticed a yak
  4837 | D:4      | Noticed a yak
  4906 | D:3      | Killed a yak
  5419 | D:5      | Entered Level 5 of the Dungeon
  5437 | D:5      | Reached XP level 8. HP: 71/71 MP: 8/8
  5638 | D:5      | Noticed Eustachio
  5647 | D:5      | Noticed Menkaure
  5662 | D:5      | Killed Eustachio
  5662 | D:5      | Reached skill level 1 in Evocations
  5668 | D:5      | Killed Menkaure
  5668 | D:5      | Reached skill level 7 in Fighting
  5997 | D:5      | Noticed Blork the orc
  6092 | D:5      | Found a snail-covered altar of Cheibriados.
  6283 | D:5      | Killed Blork the orc
  6720 | D:6      | Reached skill level 1 in Shields
  7343 | D:7      | Reached XP level 9. HP: 69/79 MP: 9/9
  7433 | D:7      | Found a sacrificial altar of Ru.
  7503 | D:7      | Noticed Maggie
  7660 | D:7      | Killed Maggie
  7847 | D:7      | Reached **** piety under Ashenzari
  8120 | D:7      | Found Runu's Assorted Antiques.
  8123 | D:7      | Bought a wand of disintegration (12) for 88 gold pieces
  9809 | D:8      | Reached skill level 5 in Evocations
  9809 | D:8      | Reached XP level 10. HP: 86/86 MP: 10/10
 10600 | D:9      | Found a staircase to the Orcish Mines.
 10845 | D:9      | Noticed a two-headed ogre
 10868 | D:9      | Killed a two-headed ogre
 10868 | D:9      | Reached skill level 10 in Long Blades
 11581 | D:10     | Entered Level 10 of the Dungeon
 11681 | D:10     | Reached ***** piety under Ashenzari
 11716 | D:10     | Noticed Grum
 11841 | D:10     | Killed Grum
 11890 | D:10     | Learned a level 3 spell: Mephitic Cloud
 11906 | D:10     | Noticed Psyche
 11914 | D:10     | Killed Psyche
 11915 | D:10     | Reached skill level 1 in Air Magic
 11915 | D:10     | Reached XP level 11. HP: 87/92 MP: 11/11
 11932 | D:10     | Noticed a two-headed ogre
 11949 | D:10     | Killed a two-headed ogre
 12161 | D:10     | Reached skill level 8 in Fighting
 12212 | D:10     | Found a staircase to the Lair.
 13107 | D:11     | Noticed a red ugly thing
 13119 | D:11     | Killed a red ugly thing
 13229 | D:11     | Paralysed by a hornet for 1 turns
 13233 | D:11     | Reached skill level 9 in Fighting
 13683 | D:11     | Noticed a two-headed ogre
 13684 | D:11     | Noticed a seven-headed hydra
 13694 | D:11     | Killed a two-headed ogre
 13698 | D:11     | Killed a seven-headed hydra
 13811 | D:11     | Noticed an unseen horror
 13832 | D:11     | Killed an unseen horror
 13897 | D:11     | Reached skill level 10 in Fighting
 13897 | D:11     | Reached skill level 5 in Air Magic
 15200 | D:12     | Noticed a six-headed hydra
 15205 | D:12     | Killed a six-headed hydra
 15205 | D:12     | Reached XP level 12. HP: 85/107 MP: 12/12
 15402 | D:12     | Reached skill level 11 in Fighting
 16182 | D:13     | Noticed a vault guard
 16182 | D:13     | Noticed a vault guard
 16183 | D:13     | Found a gate to the Vaults.
 16183 | D:13     | Noticed a vault guard
 16183 | D:13     | Noticed a vault guard
 16184 | D:13     | Noticed a vault guard
 16184 | D:13     | Noticed a vault guard
 16184 | D:13     | Noticed a vault guard
 16188 | D:13     | Noticed a vault guard
 16190 | D:13     | Killed a vault guard
 16190 | D:13     | Reached skill level 10 in Dodging
 16192 | D:13     | Killed a vault guard
 16193 | D:13     | Killed a vault guard
 16193 | D:13     | Killed a vault guard
 16193 | D:13     | Killed a vault guard
 16193 | D:13     | Reached skill level 12 in Fighting
 16194 | D:13     | Killed a vault guard
 16194 | D:13     | Killed a vault guard
 16194 | D:13     | Killed a vault guard
 16539 | D:13     | Noticed a centaur warrior
 16556 | D:13     | Killed a centaur warrior
 16786 | D:13     | Noticed a centaur warrior
 16797 | D:13     | Killed a centaur warrior
 16800 | D:13     | Reached skill level 13 in Fighting
 17057 | D:13     | Noticed a tengu warrior
 17058 | D:13     | Noticed a tengu warrior
 17069 | D:13     | Killed a tengu warrior
 17069 | D:13     | Reached skill level 10 in Evocations
 17094 | D:13     | Killed a tengu warrior
 17094 | D:13     | Reached XP level 13. HP: 55/121 MP: 3/13
 17664 | D:14     | Found a shadowy altar of Dithmenos.
 18744 | D:14     | Reached skill level 1 in Spellcasting
 18975 | D:15     | Entered Level 15 of the Dungeon
 18994 | D:15     | Reached skill level 14 in Fighting
 19519 | D:15     | Reached skill level 10 in Air Magic
 19857 | D:15     | Reached ****** piety under Ashenzari
 20611 | D:15     | Found a staircase to the Depths.
 21085 | Lair:1   | Entered Level 1 of the Lair of Beasts
 21666 | Lair:1   | Reached skill level 15 in Fighting
 21683 | Lair:1   | Learned a level 3 spell: Conjure Flame
 22848 | Lair:2   | Reached skill level 1 in Conjurations
 22862 | Lair:2   | Gained mutation: Your large and strong wings let you fly
                  | indefinitely. [Black Draconian growth]
 22862 | Lair:2   | Reached XP level 14. HP: 121/134 MP: 20/20
 22931 | Lair:2   | Noticed Gastronok
 22967 | Lair:2   | Killed Gastronok
 23666 | Lair:2   | Found a staircase to the Swamp.
 24223 | Lair:3   | Found a frozen archway.
 24245 | IceCv    | Entered an ice cave
 25383 | IceCv    | Learned a level 2 spell: Blink
 25389 | IceCv    | Learned a level 5 spell: Summon Forest
 25840 | IceCv    | Reached skill level 5 in Spellcasting
 25940 | IceCv    | Identified the Tome of Intoxication and Transmutation
 26277 | Lair:3   | Found an ornate altar of the Wu Jian Council.
 26338 | Lair:3   | Reached skill level 1 in Translocations
 26805 | Lair:4   | Found a dark tunnel.
 26810 | Volcano  | Entered a volcano
 27573 | Lair:4   | Found a hole to the Spider Nest.
 27745 | Lair:4   | Reached skill level 16 in Fighting
 29059 | Lair:5   | Found a viscous altar of Jiyva.
 29059 | Lair:5   | Found a staircase to the Slime Pits.
 29326 | Lair:6   | Entered Level 6 of the Lair of Beasts
 29551 | Lair:6   | Reached skill level 5 in Translocations
 29622 | Lair:6   | Reached skill level 5 in Conjurations
 29994 | Lair:6   | Found a blossoming altar of Fedhas.
 31088 | Lair:6   | Identified a scroll of acquirement
 31096 | Lair:6   | Acquired the Guide on Unstable Confrontation
 31966 | Orc:1    | Entered Level 1 of the Orcish Mines
 33493 | Orc:1    | Found Yppeirix's Gadget Shop.
 33550 | Orc:2    | Entered Level 2 of the Orcish Mines
 33572 | Orc:2    | Reached XP level 15. HP: 117/144 MP: 22/22
 34295 | Orc:2    | Noticed an orc warlord
 34940 | Orc:2    | Found a staircase to the Elven Halls.
 35025 | Orc:2    | Killed an orc warlord
 35477 | Orc:2    | Found a roughly hewn altar of Beogh.
 36342 | Orc:2    | Found Synawagu's Gadget Shop.
 36342 | Orc:2    | Found Kuyckar's Antique Armour Emporium.
 36350 | Orc:2    | Found Yckolyu's Antique Armour Shop.
 36350 | Orc:2    | Found Emeox's Jewellery Emporium.
 36402 | Orc:1    | Bought a wand of clouds (7) for 495 gold pieces
 36402 | Orc:1    | Bought a wand of clouds (5) for 405 gold pieces
 36445 | Elf:1    | Entered Level 1 of the Elven Halls
 36584 | Spider:1 | Entered Level 1 of the Spider Nest
 36619 | Spider:1 | Noticed Aizul
 36657 | Lair:4   | Killed Aizul
 37561 | Spider:1 | HP: 5/144 [wolf spider (18)]
 39131 | Spider:2 | Noticed Arachne
 40656 | Spider:2 | Reached skill level 10 in Translocations
 41518 | Spider:2 | Killed Arachne
 42007 | Spider:2 | HP: 7/144 [spark wasp (5)]
 42010 | Spider:2 | Slain by a spark wasp

Illustrated notes

Levels and vault maps discovered:
D:1:      ncdulo_lavacross, layout_loops_ring, minmay_crystal_room,
          minmay_misc_feat_rows
D:2:      layout_basic, yredelemnul_forgotten_temple_becter, serial_forest,
          infiniplex_forest_lined_corner, infiniplex_forest_straight_5,
          infiniplex_forest_lined_3, infiniplex_forest_clump_curved,
          infiniplex_forest_lined_room_, minmay_lizard_king
D:3:      layout_loops_corners
D:4:      layout_gridville, minmay_temple_entry_stoned_glass, uniq_pikel
D:5:      layout_cave_pools, kennysheep_slug_shrine, uniq_eustachio,
          uniq_menkaure, uniq_blork_the_orc
D:6:      layout_basic
D:7:      statuecave_lemuel, layout_rooms, basic_altar, serial_shops,
          kennysheep_mini_moat, uniq_maggie
D:8:      layout_basic, minmay_manual_moon
D:9:      layout_basic, orc_0_dummy
D:10:     layout_roguey, lair_entry_dummy, uniq_grum, uniq_psyche
D:11:     layout_loops_ring
D:12:     layout_roguey, serial_undead, serial_undead_c, serial_undead_a,
          serial_undead_f, serial_undead_f, serial_undead_c, serial_undead_a,
          serial_undead_e, serial_undead_c
D:13:     layout_loops_cross, erik_vaults_2, columned_hall_lemuel,
          kennysheep_path_1
D:14:     layout_basic, nicolae_dithmenos_the_darkroom,
          kennysheep_generic_room_11
D:15:     gammafunk_enter_depths_forms, layout_basic, chequers_arboretum
Temple:   kilobyte_greek_temple
Lair:1:   minmay_lair_venomous_thicket, layout_chaotic_city,
          beast_lair_carwin_2, grunt_megastairs_1, infiniplex_staircase_pool,
          lemuel_fruit_tree
Lair:2:   layout_long_grid, minmay_swamp_entry_swarm, serial_rivers,
          chequers_serial_rivers_small_b, chequers_serial_rivers_room_b,
          chequers_serial_rivers_room_a, chequers_serial_rivers_small_3,
          chequers_serial_rivers_micro_c, chequers_serial_rivers_large_a,
          uniq_gastronok
Lair:3:   layout_regular_city, basic_altar, portal_ice_cave_entry_pillars_1,
          minmay_lair_oklob_chamber
Lair:4:   layout_long_grid, spider_nest_entry_web_field,
          nicolae_volcano_entry_s_turn
Lair:5:   layout_cave_pods, slime_altar_1
Lair:6:   guppyfry_lair_end_dragon, layout_cave_pods, basic_altar,
          kennysheep_abandoned_house
Spider:1: layout_spider_delve, spiders_nest_hornet_nest, uniq_aizul
Spider:2: layout_chambers, uniq_arachne
Spider:3: layout_spider_delve
Orc:1:    layout_caves, serial_shops, nicolae_shop_window_shopping
Orc:2:    grunt_orc_tribal_feast, layout_caves, basic_altar
Elf:1:    elf_arrival_002, layout_loops_corners, minmay_elf_crystal_heptagon,
          eino_tiny_chamber, david_defended_altar_elf

Skill      XL: |  1  2  3  4  5  6  7  8  9 10 11 12 13 14 15 |
---------------+----------------------------------------------+-----
Stealth        | 2 3 |  3.0
Dodging        | 3 4 5 6 7 8 9 10 11 12 | 12.2
Fighting       | 4 6 7 10 13 15 16 | 16.0
Long Blades    | 4 5 6 7 8 10 11 | 11.6
Evocations     | 3 5 6 8 10 | 10.0
Shields        | 1 4 |  4.1
Air Magic      | 1 6 8 10 12 13 | 13.0
Spellcasting   | 4 5 7 |  7.1
Conjurations   | 1 5 8 |  8.2
Translocations | 6 10 | 10.3

Action                   |  1- 3 |  4- 6 |  7- 9 | 10-12 | 13-15 || total
-------------------------+-------+-------+-------+-------+-------++-------
Melee: Falchion          |    57 |   166 |       |       |       ||   223
       Tailslap          |     8 |    31 |    65 |   135 |   477 ||   716
       Long sword        |       |    50 |   430 |   729 |  2217 ||  3426
 Cast: Mephitic Cloud    |       |       |       |    10 |    86 ||    96
       Conjure Flame     |       |       |       |       |     4 ||     4
Invok: Curse Item        |       |       |     3 |       |     2 ||     5
 Abil: Breathe Lightning |       |       |     3 |     3 |     8 ||    14
Evoke: Wand              |       |     3 |     5 |    12 |    49 ||    69
       Phial of floods   |       |       |       |     1 |       ||     1
       Phantom mirror    |       |       |       |       |     1 ||     1
  Use: Scroll            |       |     7 |    13 |     6 |    19 ||    45
       Potion            |       |     1 |     1 |       |     7 ||     9
 Stab: Sleeping          |     7 |     7 |     4 |    13 |     6 ||    37
       Paralysed         |       |       |    10 |     4 |    39 ||    53
       Confused          |       |       |       |     8 |    80 ||    88
       Distracted        |       |       |       |     2 |     2 ||     4
Armor: Skin              |    21 |    68 |    49 |    57 |   305 ||   500
Dodge: Dodged            |    45 |   138 |   423 |   553 |  1679 ||  2838
Block: Buckler           |       |       |    67 |   147 |   710 ||   924
       Rpst.: Falchion   |    12 |    25 |       |       |       ||    37
       Long sword        |       |    11 |   104 |   136 |   389 ||   640

Table legend: (Time is in decaauts)
 A = Elapsed time spent in this place.
 B = Non-inter-level travel time spent in this place.
 C = Inter-level travel time spent in this place.
 D = Time resting spent in this place.
 E = Time spent auto-exploring this place.
 F = Levels seen in this place.
 G = Mean time per level.
                   A        B        C        D        E       F      G
               +--------+--------+--------+--------+--------+-----+--------+
         Total |  41340 |  39711 |   1629 |  16168 |  14956 |  30 | 1378.0 |
       Dungeon |  21908 |  20861 |   1047 |   8030 |   8315 |  15 | 1460.5 |
        Temple |    137 |    125 |     12 |      0 |     78 |   1 |  137.0 |
          Lair |   9085 |   8709 |    376 |   2601 |   4332 |   6 | 1514.2 |
   Spider Nest |   4969 |   4906 |     63 |   2193 |   1646 |   3 | 1656.3 |
  Orcish Mines |   3267 |   3137 |    130 |   1783 |    584 |   2 | 1633.5 |
   Elven Halls |      5 |      5 |      0 |      0 |      0 |   1 |    5.0 |
      Ice Cave |   1720 |   1720 |      0 |   1467 |      0 |   1 | 1720.0 |
       Volcano |    245 |    245 |      0 |     94 |      0 |   1 |  245.0 |
               +--------+--------+--------+--------+--------+-----+--------+

Top non-repeatable levels by time:
Spider:2: 3112 daAuts
     D:9: 2518 daAuts
  Lair:6: 2435 daAuts
     D:8: 2048 daAuts
     D:4: 2017 daAuts
    D:15: 1943 daAuts
Spider:1: 1843 daAuts
    D:13: 1824 daAuts
   Orc:1: 1743 daAuts
     D:3: 1732 daAuts
   IceCv: 1720 daAuts
  Lair:4: 1681 daAuts
  Lair:1: 1544 daAuts
   Orc:2: 1524 daAuts
    D:11: 1504 daAuts
